 Dungeon Crawl Stone Soup version 0.29.1-13-g9f3cf754e1 (webtiles) character file.

Game seed: 17995572961207609124

63 fleeber the Slasher (level 4, -4/33 HPs)
             Began as a Merfolk Gladiator on Feb 11, 2023.
             Succumbed to a gnoll's poison
             ... on level 2 of the Dungeon.
             The game lasted 00:04:40 (1917 turns).

fleeber the Slasher (Merfolk Gladiator)             Turns: 1917, Time: 00:04:40

Health: -4/33      AC:  7    Str: 14    XL:     4   Next: 10%
Magic:  4/4        EV: 13    Int:  7    God:
Gold:   73         SH:  4    Dex: 17    Spells: 3/3 levels left

rFire   . . .      SeeInvis .   a - +0 long sword
rCold   . . .      Faith    .   c - +0 buckler
rNeg    . . .      Spirit   .   b - +0 leather armour
rPois   .          Reflect  .   i - +2 hat
rElec   .          Harm     .   l - +0 cloak
rCorr   +          Rampage  .   j - +0 pair of gloves
Will    .....                   (no boots)
Stlth   +.........              (no amulet)
HPRegen 0.11/turn               k - ring of resist corrosion
MPRegen 0.09/turn               (no ring)

@: lethally poisoned (-4 -> -25)
A: (nimble swimmer 2), mertail
a: no special abilities


You were on level 2 of the Dungeon.
You visited 1 branch of the dungeon, and saw 2 of its levels.

You collected 73 gold pieces.

Inventory:

Hand Weapons
 a - a +0 long sword (weapon)
Missiles
 d - 2 throwing nets (quivered)
 e - a javelin
Armour
 b - a +0 leather armour (worn)
 c - a +0 buckler (worn)
 i - a +2 hat (worn)
 j - a +0 pair of gloves (worn)
 l - a +0 cloak (worn)
Jewellery
 k - a ring of resist corrosion (left hand)
Scrolls
 f - 2 scrolls of teleportation {unknown}
 h - 2 scrolls of poison {unknown}
 m - 2 scrolls of brand weapon {unknown}
 n - a scroll of fog {unknown}
Potions
 g - a potion of curing {unknown}


   Skills:
 - Level 2.1 Fighting
 + Level 4.7 Long Blades
 + Level 3.2 Throwing
 - Level 4.0 Dodging
 + Level 0.8 Shields


You had 3 spell levels left.
You didn't know any spells.
Your spell library contained the following spells:

 Spells                   Type           Power      Damage    Failure   Level
 Animate Dead             Necr           0%         N/A       100%        4
 Haunt                    Necr/Summ      0%         N/A       100%        7
 Infestation              Necr           0%         N/A       100%        8


Dungeon Overview and Level Annotations

Branches:
Dungeon (2/15)

Altars:


Innate Abilities, Weirdness & Mutations

((You are very nimble when in or above water. (Stealth+, EV+, Speed+++)))
Your lower body shifts to a powerful aquatic tail in water.


Message History

The gnoll misses you.
You hit the gnoll but do no damage.
The gnoll is severely wounded.
The gnoll misses you.
You hit the gnoll.
The gnoll is almost dead.
The gnoll hits you with a +0 vorpal spear.
You closely miss the gnoll.
The gnoll is almost dead.
The gnoll barely misses you. You block the gnoll's attack.
You hit the gnoll but do no damage.
The gnoll is almost dead.
The gnoll hits you with a +0 vorpal spear.
* * * LOW HITPOINT WARNING * * *
x2 You slash the gnoll!
You kill the gnoll!
You have reached level 4!
Okay, then.
Throw: 3 throwing nets
Press: ? - help, Q - select action, (/) - cycle Shift-Dir - straight line, f - gnoll
Aim: a gnoll, wielding a +3 flail of venom (65% to hit)
You throw a throwing net. The throwing net hits the gnoll.
The gnoll is caught in the net!
The gnoll struggles against the net.
The gnoll struggles against the net.
The gnoll struggles against the net.
The gnoll struggles against the net.
The gnoll struggles against the net.
The gnoll struggles against the net.
The net rips apart, and the gnoll comes free!
You start resting.
A gnoll is nearby!
You slash the gnoll!
The gnoll is almost dead.
The gnoll hits you with a +3 flail of venom!
* * * LOW HITPOINT WARNING * * *
You are lethally poisoned!
You hit the gnoll.
You kill the gnoll!
You die...

####.##.# ##########.......#
........g..###..## ######.#####
#..# ## #.# ####..#### #. #.#
#........#############. #.#
#.######.##..........#. #.#
#...##.).##.##...###.#. #g#
###.##@####.##...###.#. #)#
#...##.#.##.#......#.#. #.#
#.######)##.#.####..... #.#
#........##+#.## #...#. .......#
####..####.....###...#. ........
#..#..............#. ##.......
#..#..............#.
#....>.)#####.....รท)............
..g########........#####....#....


There were no monsters in sight!

Vanquished Creatures
  2 gnolls (D:2)
  An adder (D:2)
  A dart slug (D:2)
  4 ball pythons (D:1)
  6 endoplasms
  2 giant cockroaches (D:1)
  5 goblins
  3 hobgoblins (D:1)
  3 jackals (D:2)
  A quokka (D:2)
  3 bats (D:1)
  3 frilled lizards
  2 kobolds (D:2)
  3 rats
39 creatures vanquished.

Notes
Turn   | Place    | Note
-------+----------+-------------------------------------------
     0 | D:1      | fleeber the Merfolk Gladiator began the quest for the Orb.
     0 | D:1      | Reached XP level 1. HP: 16/16 MP: 1/1
   189 | D:1      | Reached XP level 2. HP: 22/22 MP: 2/2
   672 | D:1      | Reached XP level 3. HP: 27/27 MP: 3/3
  1154 | D:1      | Found a faded altar of an unknown god.
  1889 | D:2      | Reached XP level 4. HP: 7/33 MP: 4/4
  1917 | D:2      | Succumbed to a gnoll's poison

Illustrated notes

Levels and vault maps discovered:
D:1:      dpeg_arrival_pits, layout_loops_ring, shapermc_ecumenical_altar_petra
D:2:      layout_basic, bh_walls_and_bars

Skill      XL: |  1  2  3 |
---------------+----------+-----
Long Blades    | 4 |  4.7
Throwing       | 3 |  3.2
Fighting       | |  2.1
Dodging        | |  4.0
Shields        | |  0.8

Action                   |  1- 3 |  4- 6 || total
-------------------------+-------+-------++-------
Melee: Long sword        |   148 |     2 ||   150
Throw: Throwing net      |       |     1 ||     1
 Stab: Sleeping          |     1 |       ||     1
Armor: Leather armour    |    43 |       ||    43
Dodge: Dodged            |   122 |       ||   122
Block: Buckler           |    12 |       ||    12
